[Event "Late-Titled-Tuesday-Blitz-April-16-2024"]
[Site "Chess.com"]
[Date "2024.04.16"]
[Round "5"]
[White "PawnEatingZombie"]
[Black "RantomOpening"]
[Result "0-1"]
[WhiteElo "2259"]
[BlackElo "2534"]
[TimeControl "180+1"]
[EndTime "14:51:36 PDT"]
[Termination "RantomOpening won on time"]

1. e4 g6 2. d4 Bg7 3. c3 d6 4.
Bd3 Nf6 5. Nf3 O-O 6. O-O b6 7. Re1 Bb7 8. a4 c5 9. h3 Nc6 10. b3 Qc7 11. Bb2 e5 12. dxe5 dxe5 13. Nbd2 Rad8 14. Qe2 Nh5 15. g3 Bc8 16. Kg2 Qd7 17. Bc4 Qxh3+ 18. Kg1 Bg4 19. Qf1 Qxf1+ 20. Kxf1 Na5 21. Bd5 Nf6 22. b4 cxb4 23. cxb4 Nxd5 24.
exd5 Nc4 25. Nxc4 Bxf3 26. d6 Bd5 27. Nxe5 Rxd6 28. b5 Rfd8 29. Kg1 Bb3 30. f4 Rd2 31. Bc3 Rc2 32. Bb4 h5 33. a5 Rd4 34. Be7 Rdd2 35. Bh4 Rg2+ 36. Kh1 Rh2+ 37. Kg1 Rcg2+ 38. Kf1 Bxe5 0-1

[Event "Late-Titled-Tuesday-Blitz-April-16-2024"]
[Site "Chess.com"]
[Date "2024.04.16"]
[Round "5"]
[White "1800_strength"]
[Black "Vincefm"]
[Result "1-0"]
[WhiteElo "2723"]
[BlackElo "2332"]
[TimeControl "180+1"]
[EndTime "14:51:37 PDT"]
[Termination "1800_strength won on time"]

1. g4 d5 2. Bg2 c6 3. g5 e5 4. d4 exd4 5. Qxd4 Be6 6. Nc3 Nd7 7. e4 c5 8. Qd3 d4 9. Nd5 Bxd5 10. exd5 Bd6 11.
Ne2 Ne5 12. Qe4 Ne7 13. f4 Ng4 14. f5 Ne5 15. Bf4 f6 16. O-O-O Qa5 17. Kb1 O-O-O 18. Bd2 Qc7 19. Nf4 Qd7 20. Ne6 Rdg8 21. c3 dxc3 22.
Bxc3 g6 23. gxf6 Nxf5 24. Bxe5 Re8 25. Bh3 Qf7 26. Bxf5 gxf5 27. Qxf5 Bxe5 28. Qxe5 Rhg8 29. d6 Rxe6 30. d7+ Qxd7 31. Qxc5+ Rc6 32. Qxa7 1-0

[Event "Late-Titled-Tuesday-Blitz-April-16-2024"]
[Site "Chess.com"]
[Date "2024.04.16"]
[Round "5"]
[White "JaackCamel"]
[Black "teresin05"]
[Result "1-0"]
[WhiteElo "2237"]
[BlackElo "2322"]
[TimeControl "180+1"]
[EndTime "14:51:38 PDT"]
[Termination "JaackCamel won by resignation"]

1. d4 d5 2. c4 c6 3. cxd5 cxd5 4. Bf4 Nc6 5. e3 Nf6 6. Nc3 a6 7. Bd3 h6 8. h3 e6 9. Rc1 Be7 10. Nf3 O-O 11. O-O Bd7 12. Na4 Nb4 13. Bb1 Qa5 14.
Nc5 Bb5 15. Re1 Bc6 16. a3 Bxc5 17. Rxc5 Qb6 18. axb4 Qxb4 19. Qd2 Qb6 20. Rec1 a5 21. Ne5 Rfc8 22. Qc3 Ra6 23. Bd3 Ra7 24. Nxc6 bxc6 25. Rxc6 Rxc6 26. Qxc6 Qd8 27. Qc8 Qe8 28. Qxe8+ Nxe8 29.
Rc8 Kf8 30. Bd6+ 1-0

[Event "Late-Titled-Tuesday-Blitz-April-16-2024"]
[Site "Chess.com"]
[Date "2024.04.16"]
[Round "5"]
[White "Andrei_Skvortsov"]
[Black "ChessBrainiacOnTwitch"]
[Result "0-1"]
[WhiteElo "2646"]
[BlackElo "2836"]
[TimeControl "180+1"]
[EndTime "14:51:40 PDT"]
[Termination "ChessBrainiacOnTwitch won by checkmate"]

1. e4 c5 2. d4 cxd4 3. Qxd4 Nc6 4.
Qd3 Nf6 5. Nc3 g6 6. Nf3 Bg7 7. Be2 O-O 8. O-O e6 9. Bg5 h6 10. Bh4 g5 11. Bg3 d5 12. exd5 exd5 13. Rad1 Re8 14. Rfe1 Ne4 15. Nxe4 dxe4 16. Qxd8 Nxd8 17. Bb5 Nc6 18. c3 Bg4 19. h3 Bh5 20. Rd7 exf3 21. Rxe8+ Rxe8 22. Rxb7 Re1+ 23. Kh2 Ne5 24. Rb8+ Kh7 25.
gxf3 Nxf3+ 26. Kg2 Rg1# 0-1

[Event "Late-Titled-Tuesday-Blitz-April-16-2024"]
[Site "Chess.com"]
[Date "2024.04.16"]
[Round "5"]
[White "StopLookingAtMyProfile"]
[Black "ural58"]
[Result "0-1"]
[WhiteElo "2336"]
[BlackElo "2510"]
[TimeControl "180+1"]
[EndTime "14:51:41 PDT"]
[Termination "ural58 won by resignation"]

1. e4 d5 2. exd5 Qxd5 3. Nf3 Bg4 4. Be2 Nc6 5. h3 Bxf3 6. Bxf3 Qe6+ 7. Qe2 Nd4 8. Qxe6 Nxf3+ 9. gxf3 fxe6 10. Nc3 g6 11.
Ne4 Bh6 12. d3 Bxc1 13. Rxc1 Nh6 14. Kd2 O-O 15. Ng5 Rf5 16. h4 Nf7 17. Nxe6 Rxf3 18. Ke2 Rf6 19. Nxc7 Rf8 20. Nd5 Re6+ 21. Ne3 Ne5 22. h5 Ng4 23. Rcf1 Rxf2+ 24. Rxf2 Rxe3+ 25. Kd2 Nxf2 26. Rf1 Rf3 27. Ke2 Rh3 28. Rxf2 Rxh5 29.
Ke3 Rf5 30. Rh2 h5 31. Rh4 Kf7 32. Rc4 g5 33. Rc7 h4 34. Rxb7 h3 35. Rb8 Kg7 36. Rb7 h2 37. Rxe7+ Rf7 0-1

[Event "Late-Titled-Tuesday-Blitz-April-16-2024"]
[Site "Chess.com"]
[Date "2024.04.16"]
[Round "5"]
[White "yuriydovzik"]
[Black "kripri"]
[Result "0-1"]
[WhiteElo "2137"]
[BlackElo "2406"]
[TimeControl "180+1"]
[EndTime "14:51:41 PDT"]
[Termination "kripri won on time"]

1. b3 g6 2. Bb2 Nf6 3. e4 Bg7 4. e5 Nd5 5. c4 Nf4 6. g3 Ne6 7. d4 d5 8. c5 O-O 9. Ne2 f6 10. Bg2 fxe5 11. dxe5 c6 12. b4 a5 13. a3 Na6 14.
Qd2 Qc7 15. f4 b6 16. O-O bxc5 17. bxc5 Naxc5 18. Qc2 Ba6 0-1

[Event "Late-Titled-Tuesday-Blitz-April-16-2024"]
[Site "Chess.com"]
[Date "2024.04.16"]
[Round "5"]
[White "ChessSwole"]
[Black "ShahxaibKhan"]
[Result "1-0"]
[WhiteElo "2677"]
[BlackElo "2452"]
[TimeControl "180+1"]
[EndTime "14:51:58 PDT"]
[Termination "ChessSwole won by resignation"]

1. d4 Nf6 2. c4 e6 3. Nc3 Bb4 4.
e3 O-O 5. Bd3 d5 6. a3 Bxc3+ 7.
bxc3 dxc4 8. Bxc4 c5 9. Ne2 Nc6 10. O-O e5 11. Bb2 Bg4 12. f3 Be6 13. Bxe6 fxe6 14. Qb3 exd4 15. cxd4 Nd5 16. e4 Na5 17. Qa2 Ne3 18. Qxe6+ Kh8 19. d5 Nxf1 20. Rxf1 Nc4 21. Bc3 Qg5 22. f4 Ne3 23. Qh3 Rxf4 24. Rxf4 Nxg2 25.
Qxg2 Qh6 1-0

[Event "Late-Titled-Tuesday-Blitz-April-16-2024"]
[Site "Chess.com"]
[Date "2024.04.16"]
[Round "5"]
[White "amanmuhammethommadov"]
[Black "GlavkonVVS"]
[Result "1-0"]
[WhiteElo "2812"]
[BlackElo "2606"]
[TimeControl "180+1"]
[EndTime "14:51:59 PDT"]
[Termination "amanmuhammethommadov won by resignation"]

1. e4 Nf6 2. e5 Nd5 3. Nc3 Nb6 4. Nf3 d6 5. d4 Bg4 6. h3 Bh5 7. Bd3 e6 8. Bf4 d5 9. Ne2 c5 10. c3 Nc6 11. a3 Rc8 12. Be3 cxd4 13. cxd4 Be7 14.
Nf4 Bg6 15. Nxg6 hxg6 16. O-O Na5 17. Bb5+ Kf8 18. Bd3 Nac4 19. Bc1 Nd7 20. b3 Ncb6 21.
Bd2 Nb8 22. Qe2 Nc6 23. Rfc1 g5 24. b4 g6 25. b5 Nb8 26. Rxc8 Nxc8 27. a4 Kg7 28. Qe1 Nb6 29. Qc1 Rh5 30. a5 N6d7 31. Ra2 a6 32. bxa6 Nxa6 33. Rc2 Nb4 34. Rc8 Qxa5 35.
Bb1 Nb6 36. Rc7 Bd8 37. Rxb7 Qa6 38. Rb8 Be7 39. Qc7 Qa1 40. Qxe7 Qxb1+ 41. Kh2 Qf5 42. Qf8+ 1-0

[Event "Late-Titled-Tuesday-Blitz-April-16-2024"]
[Site "Chess.com"]
[Date "2024.04.16"]
[Round "5"]
[White "Byniolus"]
[Black "WindWhistler11"]
[Result "1-0"]
[WhiteElo "2829"]
[BlackElo "2499"]
[TimeControl "180+1"]
[EndTime "14:52:02 PDT"]
[Termination "Byniolus won by resignation"]

1. d4 e6 2. Nf3 Nf6 3. Bf4 Bd6 4.
Bxd6 cxd6 5. Nbd2 d5 6. e3 a6 7. Be2 b5 8. a4 b4 9. c3 Nc6 10. c4 Bb7 11. O-O O-O 12. Nb3 dxc4 13. Bxc4 Na5 14.
Be2 Ne4 15. Rc1 Bd5 16. Nbd2 f5 17. Nxe4 fxe4 18. Nd2 b3 19. Rc3 Qb6 20. Qb1 Qb4 21.
Nxe4 Qxa4 22. Nc5 Qa2 23. Nxd7 Rfc8 24. Qc1 Rcb8 25. Nxb8 Rxb8 26. e4 Bxe4 27. Qf4 1-0

[Event "Late-Titled-Tuesday-Blitz-April-16-2024"]
[Site "Chess.com"]
[Date "2024.04.16"]
[Round "5"]
[White "marcodobrikov"]
[Black "TanitoluwaAps116"]
[Result "1-0"]
[WhiteElo "2599"]
[BlackElo "2786"]
[TimeControl "180+1"]
[EndTime "14:52:03 PDT"]
[Termination "marcodobrikov won by resignation"]

1. d3 e5 2. Nf3 Nc6 3. e4 Nf6 4. Be2 d5 5. Nbd2 Bc5 6. O-O O-O 7. c3 h6 8. b4 Bd6 9. a3 Be6 10. Qc2 a6 11. c4 dxe4 12. dxe4 Nh5 13. Rd1 Nf4 14. Bf1 Qf6 15. Bb2 g5 16. c5 Be7 17.
Nc4 Bxc4 18. Bxc4 g4 19. Nd2 Rad8 20. Nf1 Nd4 21. Bxd4 Rxd4 22. Rxd4 exd4 23. Rd1 Rd8 24. Ng3 h5 25. Nf5 Qe5 26. Nh6+ Kg7 27. Nxf7 Qf6 28. Nxd8 Bxd8 29. Qd2 b5 30. cxb6 cxb6 31. Qxd4 Be7 32. Qxf6+ Bxf6 33. g3 Nh3+ 34. Kg2 h4 35. Be6 hxg3 36. hxg3 Ng5 37. Rd7+ Kf8 38. Bxg4 Nxe4 39.
Ra7 a5 40. bxa5 bxa5 41. Rxa5 Nd6 42. Ra6 Be5 43. f4 1-0

[Event "Late-Titled-Tuesday-Blitz-April-16-2024"]
[Site "Chess.com"]
[Date "2024.04.16"]
[Round "5"]
[White "Zavgorodniy_Sergiy"]
[Black "IsuruAlahakoon"]
[Result "1-0"]
[WhiteElo "2622"]
[BlackElo "2435"]
[TimeControl "180+1"]
[EndTime "14:52:05 PDT"]
[Termination "Zavgorodniy_Sergiy won by resignation"]

1. d4 d5 2. c4 e6 3. Nf3 Nf6 4. e3 c6 5. Nbd2 Bd6 6. Bd3 O-O 7. O-O Nbd7 8. e4 dxc4 9. Nxc4 Be7 10. Bg5 h6 11.
Bh4 c5 12. e5 Nd5 13. Bxe7 Qxe7 14. dxc5 Nxc5 15. Nd6 Nxd3 16. Qxd3 Bd7 17. Nd4 f6 18. Qe4 f5 19. N4xf5 Qg5 20. Ng3 Bc6 21. Qd4 Nf4 22. Nde4 Qg6 23. f3 h5 24. Nf6+ Rxf6 25. exf6 Qxg3 26.
hxg3 Ne2+ 27. Kf2 Nxd4 28. fxg7 Kxg7 29. Rad1 e5 30. Rfe1 Kf6 31. f4 Nf5 32. Rxe5 Rg8 33. Rd3 Nxg3 34. Rxg3 1-0

[Event "Late-Titled-Tuesday-Blitz-April-16-2024"]
[Site "Chess.com"]
[Date "2024.04.16"]
[Round "5"]
[White "AlainBruxelles"]
[Black "XiaoKangZhong"]
[Result "0-1"]
[WhiteElo "2359"]
[BlackElo "2544"]
[TimeControl "180+1"]
[EndTime "14:52:05 PDT"]
[Termination "XiaoKangZhong won by checkmate"]

1. e4 e5 2. Nf3 Nc6 3. Nc3 g6 4. Bc4 Bg7 5. O-O d6 6. h3 Be6 7.
Bxe6 fxe6 8. d3 Qd7 9. Be3 d5 10.
exd5 exd5 11. d4 e4 12. Ne5 Nxe5 13. dxe5 O-O-O 14. Bd4 Qe6 15. f4 Ne7 16. b4 Nf5 17. b5 Nxd4 18. Qxd4 Kb8 19. a4 g5 20. Rad1 gxf4 21.
Nxe4 Bxe5 22. Qd2 Rdg8 23. Nc5 Qxh3 24. Rf2 f3 25. Qxd5 Rxg2+ 26. Kf1 Rxf2+ 27. Kxf2 Qg2+ 28. Ke3 Qe2# 0-1

[Event "Late-Titled-Tuesday-Blitz-April-16-2024"]
[Site "Chess.com"]
[Date "2024.04.16"]
[Round "5"]
[White "giomar27"]
[Black "GaiozNigalidze"]
[Result "1-0"]
[WhiteElo "2495"]
[BlackElo "2685"]
[TimeControl "180+1"]
[EndTime "14:52:07 PDT"]
[Termination "giomar27 won on time"]

1. d4 Nf6 2. Nc3 e6 3. Bf4 d5 4. e3 c5 5. g4 Qb6 6. g5 Ne4 7. Nxe4 dxe4 8. Rb1 Nc6 9. c3 e5 10. dxe5 Be6 11. Qa4 O-O-O 12. Bc4 Be7 13. Bxe6+ fxe6 14. Qxe4 Qa6 15. Nf3 Qxa2 16. O-O Qd5 17. Qxd5 Rxd5 18. Rbd1 Rxd1 19. Rxd1 b5 20. Nd2 Rd8 21. Kf1 a5 22. Ke2 a4 23. Ne4 Rxd1 24. Kxd1 Kc7 25. Kc2 Na5 26.
h4 b4 27. cxb4 cxb4 28. h5 b3+ 29. Kb1 Nc4 30. h6 gxh6 31. gxh6 Kd7 32. Nc3 a3 33. bxa3 Bxa3 34. Ne4 Kc6 35. Bg3 Kd5 36. Nc3+ Kc5 37. Ne4+ Kb4 38. f3 Kb5 39. Be1 Nxe5 40. Ng5 1-0

[Event "Late-Titled-Tuesday-Blitz-April-16-2024"]
[Site "Chess.com"]
[Date "2024.04.16"]
[Round "5"]
[White "DenLaz"]
[Black "Durarbayli"]
[Result "1-0"]
[WhiteElo "3111"]
[BlackElo "2883"]
[TimeControl "180+1"]
[EndTime "14:52:08 PDT"]
[Termination "DenLaz won on time"]

1. d4 Nf6 2. c4 e6 3. Nf3 b6 4. g3 Bb7 5. Bg2 Be7 6. O-O O-O 7. Nc3 Ne4 8. Bd2 f5 9. Ne5 d6 10. Nd3 Qe8 11. d5 Nxd2 12. Qxd2 e5 13. e3 Nd7 14. f4 e4 15. Nf2 Bf6 16. g4 g6 17. Kh1 Nc5 18.
gxf5 gxf5 19. Bh3 Kh8 20. Bxf5 Bc8 21. Bxc8 Rxc8 22. Rg1 a5 23. Rg4 Qh5 24. Rag1 Rce8 25. Nb5 Rg8 26. Qe2 Rxg4 27. Qxg4 Qxg4 28. Nxg4 Bxb2 29.
Nxc7 Re7 30. Nb5 h5 31. Nh6 Nd3 32. Nf5 Rd7 33. Nbxd6 Nf2+ 34. Kg2 Ng4 35. Nxe4 Rf7 36. Ned6 Rf6 37. h3 Nxe3+ 38. Nxe3 Rxd6 39. Kf3 Bd4 40. Nf5 Rxd5 41. cxd5 Bxg1 42. d6 b5 43. Ne3 1-0

[Event "Late-Titled-Tuesday-Blitz-April-16-2024"]
[Site "Chess.com"]
[Date "2024.04.16"]
[Round "5"]
[White "Meri-Arabidze"]
[Black "SharathRk6"]
[Result "1-0"]
[WhiteElo "2652"]
[BlackElo "2391"]
[TimeControl "180+1"]
[EndTime "14:52:08 PDT"]
[Termination "Meri-Arabidze won by resignation"]

1. Nf3 Nf6 2. b3 g6 3. Bb2 Bg7 4. g3 b6 5. Bg2 Bb7 6. O-O O-O 7. c4 c5 8. d3 d5 9. cxd5 Bxd5 10.
Nc3 Bb7 11. d4 cxd4 12. Qxd4 Qxd4 13. Nxd4 Bxg2 14. Kxg2 Nbd7 15. Nc6 e6 16. Ba3 Rfe8 17. Rac1 Bf8 18. Bxf8 Kxf8 19. Nb5 Rec8 20. Ncxa7 Rxc1 21. Rxc1 Nd5 22. e4 Nb4 23. a3 Nd3 24. Rc7 N7c5 25. Nd6 Ne5 26. f4 Na6 27. Rc8+ Rxc8 28. Ndxc8 Nd7 29.
b4 Nc7 30. Kf3 Ke8 31. a4 f5 32. Nd6+ Ke7 33. Nc4 Na6 34. Nc6+ Ke8 35. e5 Nc7 36.
Nd6+ Kf8 37. a5 bxa5 38. bxa5 Nc5 39. Ke3 Ne8 40. Kd4 Nxd6 41. Kxc5 Nc8 42. a6 1-0

[Event "Late-Titled-Tuesday-Blitz-April-16-2024"]
[Site "Chess.com"]
[Date "2024.04.16"]
[Round "5"]
[White "MrTattaglia"]
[Black "LyonBeast"]
[Result "0-1"]
[WhiteElo "2957"]
[BlackElo "3138"]
[TimeControl "180+1"]
[EndTime "14:52:09 PDT"]
[Termination "LyonBeast won on time"]

1. e4 c6 2. Nf3 d5 3. exd5 cxd5 4. Ne5 Nf6 5. d4 e6 6. Bd3 Nc6 7. c3 Bd6 8. f4 Ne4 9. O-O O-O 10. Nd2 f5 11. Ndf3 Bd7 12. Be3 Rc8 13. Qb3 Na5 14. Qc2 Be8 15. Rae1 Qe7 16. Kh1 Bh5 17. Qa4 Nc6 18. a3 Qc7 19. Qc2 Rf6 20. Ng5 h6 21. Nxe4 fxe4 22. Be2 Bxe2 23. Qxe2 Rcf8 24. g4 b6 25. h4 Bxe5 26. dxe5 R6f7 27. h5 Qe7 28. Kg2 Kh7 29. Kg3 Nxe5 30. g5 Nf3 31. Rxf3 exf3 32.
Qc2+ Rf5 0-1

[Event "Late-Titled-Tuesday-Blitz-April-16-2024"]
[Site "Chess.com"]
[Date "2024.04.16"]
[Round "5"]
[White "Szparu"]
[Black "Bryanl106"]
[Result "1-0"]
[WhiteElo "2885"]
[BlackElo "2704"]
[TimeControl "180+1"]
[EndTime "14:52:09 PDT"]
[Termination "Szparu won by resignation"]

1. e4 e5 2. Nf3 Nc6 3. Bb5 a6 4. Ba4 Nf6 5. O-O Be7 6. d3 b5 7.
Bb3 d6 8. c3 O-O 9. Re1 Na5 10.
Bc2 c5 11. d4 Qc7 12. d5 Bg4 13. Nbd2 c4 14. h3 Bh5 15. g4 Nxg4 16. hxg4 Bxg4 17.
Nf1 Nb7 18. Ne3 Bh5 19. Kg2 Nc5 20. Rh1 g6 21. Rxh5 gxh5 22. Qh1 Kh8 23. Qxh5 Rg8+ 24. Kf1 Qd7 25. Nf5 Rg6 26. Ke2 Rag8 27. Be3 Bf8 28.
Rh1 f6 29. N3h4 Rg4 30. Bd1 Nxe4 31. Kf1 R4g5 32. Bxg5 Rxg5 33. Ng6+ Kg8 34. Nfe7+ Kf7 35. Qxh7+ Ke8 36. Qh8 Ng3+ 37. fxg3 Rxg6 38. Nxg6 Qf5+ 39. Kg1 Qxg6 40. Bh5 Qxh5 41. Qxh5+ 1-0

[Event "Late-Titled-Tuesday-Blitz-April-16-2024"]
[Site "Chess.com"]
[Date "2024.04.16"]
[Round "5"]
[White "Alphafischer2019"]
[Black "esrosenberg"]
[Result "1-0"]
[WhiteElo "2723"]
[BlackElo "2337"]
[TimeControl "180+1"]
[EndTime "14:52:11 PDT"]
[Termination "Alphafischer2019 won on time"]

1. Nf3 d5 2. g3 Nd7 3. Bg2 e5 4. d3 Ngf6 5. O-O Bd6 6. Nh4 O-O 7. Nf5 Bc5 8. e4 c6 9. Qe2 Re8 10. Kh1 a5 11. a4 Nf8 12. Nd2 Ba7 13. Nf3 Bxf5 14.
exf5 e4 15. Nh4 Qd7 16. Bg5 Qd6 17. Qd2 h6 18. Bf4 Qc5 19. c3 exd3 20. Qxd3 Ne4 21. Be3 Qe7 22. Rae1 Bxe3 23. Qxe3 Qc5 24. Bxe4 Qxe3 25.
Rxe3 Rxe4 26. Rxe4 dxe4 27. Re1 Re8 28. f3 e3 29. Ng2 e2 30. Nf4 Re5 31. Rxe2 Rxf5 32. Re7 b5 33. axb5 Rxb5 34. Re2 Ne6 35. Nd3 Nc5 36. Ne5 Na4 37. Nc4 Kf8 38. Kg2 Nb6 39. Nd6 g5 40. Re8+ Kg7 41. Nxb5 cxb5 42. Rb8 Nc4 43. Rxb5 a4 44. Rb4 a3 45. Rxc4 1-0

[Event "Late-Titled-Tuesday-Blitz-April-16-2024"]
[Site "Chess.com"]
[Date "2024.04.16"]
[Round "5"]
[White "GWR2024"]
[Black "MaxLeto"]
[Result "0-1"]
[WhiteElo "2171"]
[BlackElo "2425"]
[TimeControl "180+1"]
[EndTime "14:52:11 PDT"]
[Termination "MaxLeto won by resignation"]

1. e4 c5 2. Nc3 Nc6 3. f4 g6 4.
Nf3 Bg7 5. a3 e6 6. b4 cxb4 7.
axb4 d5 8. b5 dxe4 9. bxc6 exf3 10. Qxf3 bxc6 11. Ba3 Bb7 12. Ne4 Bxa1 13. Nd6+ Kd7 14.
Nxb7 Qb6 15. Nc5+ Ke8 16. Ba6 Ne7 17. Ke2 Bd4 18. Bb7 Rd8 19. Rb1 Qxb1 20. Bxc6+ Kf8 21.
Nd7+ Kg7 22. Bxe7 Rxd7 23. Bxd7 Qxc2 24. Qd3 Qxd3+ 25. Kxd3 Bg1 26. h4 Rb8 27. Bd6 Rd8 28. Be5+ f6 29. Bd4 Rxd7 30. Ke2 Bxd4 0-1

[Event "Late-Titled-Tuesday-Blitz-April-16-2024"]
[Site "Chess.com"]
[Date "2024.04.16"]
[Round "5"]
[White "carlsenCamacho"]
[Black "FMYiLiu"]
[Result "0-1"]
[WhiteElo "2292"]
[BlackElo "2470"]
[TimeControl "180+1"]
[EndTime "14:52:12 PDT"]
[Termination "FMYiLiu won by checkmate"]

1. e4 e6 2. d4 d5 3. Nd2 c5 4. Ngf3 cxd4 5. Nxd4 Nc6 6. Nxc6 bxc6 7. Bd3 Ne7 8. O-O Ng6 9. f4 Bc5+ 10. Kh1 O-O 11. e5 a5 12. Qe2 a4 13. Nf3 f5 14. exf6 Qxf6 15. Ne5 Nxe5 16. fxe5 Qxf1+ 17. Qxf1 Rxf1+ 18. Bxf1 Bd4 19. c3 Bxe5 20. Bd3 a3 21. bxa3 Bxc3 22. Rb1 e5 23. a4 e4 24. Bc2 Ba6 25. Ba3 Bd3 26.
Rb3 d4 27. Rxc3 dxc3 28. Bb3+ Kh8 29. Kg1 e3 30. g3 c2 31. Kg2 Rf8 32. a5 e2 33. a6 e1=Q 34. Bxf8 Qf1# 0-1

[Event "Late-Titled-Tuesday-Blitz-April-16-2024"]
[Site "Chess.com"]
[Date "2024.04.16"]
[Round "5"]
[White "AlphaGoosee"]
[Black "jbking07"]
[Result "1-0"]
[WhiteElo "2586"]
[BlackElo "2419"]
[TimeControl "180+1"]
[EndTime "14:52:14 PDT"]
[Termination "AlphaGoosee won by resignation"]

1. e4 c5 2. Nf3 Nc6 3. d4 cxd4 4. Nxd4 g6 5. c4 Bg7 6. Be3 Nf6 7. Nc3 O-O 8. Be2 d6 9. f3 Bd7 10. O-O a6 11. Qd2 Nxd4 12. Bxd4 Qa5 13. Rfd1 Rfe8 14. Kh1 Rac8 15. Bxf6 Bxf6 16. Nd5 Qxd2 17. Nxf6+ exf6 18. Rxd2 b5 19. Rxd6 Be6 20. cxb5 axb5 21. Bxb5 Red8 22.
Rxd8+ Rxd8 23. Bf1 Rd2 24. a4 Rxb2 25. a5 Rb7 26. a6 Ra7 27. Rb1 Kg7 28. Rb7 Ra8 29.
a7 f5 30. h4 fxe4 31. fxe4 Kf6 32. Bb5 Ke5 33. Bc6 Kd6 34. Bd5 Bxd5 35. exd5 Kxd5 36. Rxf7 Ke5 37. Rxh7 Kf5 38. Kh2 Kg4 39. Kg1 Rf8 40. Rb7 Ra8 41. Rh7 Rc8 42. Rh6 Kf5 43. Kh2 Ra8 44. Rh7 Kg4 45. h5 gxh5 46. Rg7+ Kf5 47. Kh3 Kf4 48. Kh4 Kf5 49. g3 Rd8 50. Rg5+ Kf6 51.
Ra5 Ra8 52. Kxh5 Kg7 53. Kg5 Kf7 54. Kf5 Ke7 55. g4 Kd7 56. g5 Ke7 57. g6 1-0

[Event "Late-Titled-Tuesday-Blitz-April-16-2024"]
[Site "Chess.com"]
[Date "2024.04.16"]
[Round "5"]
[White "subham777"]
[Black "MarceloPlaya"]
[Result "1-0"]
[WhiteElo "2537"]
[BlackElo "2340"]
[TimeControl "180+1"]
[EndTime "14:52:17 PDT"]
[Termination "subham777 won on time"]

1. e4 e6 2. Nf3 d5 3. Nc3 Nf6 4. e5 Nfd7 5. d4 c5 6. dxc5 Bxc5 7. Bd3 Nc6 8. Bf4 Nb4 9. h4 Nxd3+ 10. Qxd3 Bb4 11.
Rh3 Qa5 12. Kf1 Bxc3 13. bxc3 Nc5 14. Qe3 Bd7 15. Nd2 O-O-O 16. Qd4 Kb8 17. Be3 b6 18. Rg3 Rhg8 19. Kg1 Rc8 20. Qf4 Qxc3 21. Bd4 Qxc2 22. Qxf7 Rgf8 23. Qe7 Qxd2 24. Bxc5 bxc5 25. Rb1+ Ka8 26. Qxd7 1-0

[Event "Late-Titled-Tuesday-Blitz-April-16-2024"]
[Site "Chess.com"]
[Date "2024.04.16"]
[Round "5"]
[White "Mackster23"]
[Black "kleinebeer98"]
[Result "0-1"]
[WhiteElo "2575"]
[BlackElo "2874"]
[TimeControl "180+1"]
[EndTime "14:52:19 PDT"]
[Termination "kleinebeer98 won by resignation"]

1. e4 c5 2. Nf3 Nc6 3. d4 cxd4 4. Nxd4 Nf6 5. Nc3 h5 6. h3 e6 7. Ndb5 d6 8. Bf4 e5 9. Bg5 a6 10. Na3 b5 11. Nab1 Be7 12. Bxf6 Bxf6 13. a4 b4 14. Nd5 Bg5 15. Bc4 Be6 16. O-O g6 17. Qd3 O-O 18.
Bxa6 Bxd5 19. exd5 Nd4 20. Bc4 Qb6 21. b3 f5 22. c3 bxc3 23. Nxc3 Bf6 24. Rab1 e4 25. Qd2 Kh7 26. Ne2 Rae8 27. Nxd4 Bxd4 28. Rfd1 Bg7 29.
b4 e3 30. fxe3 Rxe3 31. a5 Re1+ 32. Kh2 Be5+ 0-1

[Event "Late-Titled-Tuesday-Blitz-April-16-2024"]
[Site "Chess.com"]
[Date "2024.04.16"]
[Round "5"]
[White "martinmena"]
[Black "Denisenko_Denis"]
[Result "0-1"]
[WhiteElo "2178"]
[BlackElo "2418"]
[TimeControl "180+1"]
[EndTime "14:52:20 PDT"]
[Termination "Denisenko_Denis won on time"]

1. c4 c6 2. g3 d5 3. Bg2 Bf5 4. Nf3 e6 5. d4 Nf6 6. O-O Be7 7. Nc3 Ne4 8. cxd5 exd5 9. Qb3 Qb6 10. Qxb6 axb6 11. Nxe4 Bxe4 12. Bf4 Nd7 13. h4 b5 14. Rfe1 O-O 15. Bh3 Nb6 16. Ne5 Nc4 17. Nxc4 bxc4 18. h5 h6 19. f3 Bh7 20. e4 Bb4 21. Re2 Rfd8 22. e5 c3 23. Bc1 c5 24. bxc3 Bxc3 25. Bb2 cxd4 26. Bxc3 dxc3 27. a4 d4 28. f4 d3 29. Re3 b5 30. Bg4 bxa4 31. Bf3 Ra7 32. Rc1 d2 33. Rcxc3 d1=Q+ 34. Bxd1 Rxd1+ 35. Kg2 Bf5 36. Ra3 Be6 37. Kf3 Rb1 38. Re4 Bd5 39. Ke3 Bxe4 40. Kxe4 Rb3 0-1

[Event "Late-Titled-Tuesday-Blitz-April-16-2024"]
[Site "Chess.com"]
[Date "2024.04.16"]
[Round "5"]
[White "WilsonPalencia21"]
[Black "Smiechu"]
[Result "0-1"]
[WhiteElo "2567"]
[BlackElo "2416"]
[TimeControl "180+1"]
[EndTime "14:52:22 PDT"]
[Termination "Smiechu won on time"]

1. d4 Nf6 2. c4 c5 3. d5 e6 4. Nf3 exd5 5. cxd5 d6 6. g3 g6 7.
Bg2 Bg7 8. O-O O-O 9. Nc3 Re8 10. Nd2 Nbd7 11. h3 a6 12. a4 Nh5 13. e4 Ne5 14.
g4 Nf4 15. Nf3 Ned3 16. Bxf4 Nxf4 17. Re1 h5 18. Nh2 hxg4 19. hxg4 Qh4 20. Qf3 Be5 21. Ra3 Kg7 22. Nf1 Bxg4 23. Qe3 Rh8 24. Ng3 Qh2+ 0-1

[Event "Late-Titled-Tuesday-Blitz-April-16-2024"]
[Site "Chess.com"]
[Date "2024.04.16"]
[Round "5"]
[White "albi1999"]
[Black "cthulhuuu"]
[Result "1-0"]
[WhiteElo "2678"]
[BlackElo "2455"]
[TimeControl "180+1"]
[EndTime "14:52:28 PDT"]
[Termination "albi1999 won on time"]

1. d4 Nf6 2. Nc3 d5 3. Bf4 c6 4.
e3 Qb6 5. Rb1 Bf5 6. f3 h6 7. g4 Bh7 8. h4 Nbd7 9. Nge2 e6 10. Ng3 Bg6 11. Kf2 h5 12. g5 Ng8 13.
Bd3 Ne7 14. Nce2 Bxd3 15. Qxd3 g6 16. e4 Bg7 17. Be3 Qc7 18. c4 O-O 19. Rbc1 Qa5 20. a3 c5 21. cxd5 cxd4 22. Bxd4 Ne5 23. Qc3 Qxc3 24.
Rxc3 exd5 25. Rhc1 N7c6 26. Bc5 Rfe8 27. exd5 Ne7 28. Rd1 Rad8 29. Nf4 b6 30. Be3 Nd7 31. Rc2 Nc5 32. b4 Na4 33. d6 Nf5 34. Nxf5 gxf5 35.
d7 Re7 36. Rc8 1-0

[Event "Late-Titled-Tuesday-Blitz-April-16-2024"]
[Site "Chess.com"]
[Date "2024.04.16"]
[Round "5"]
[White "AradNazari"]
[Black "GM_dmitrij"]
[Result "0-1"]
[WhiteElo "2715"]
[BlackElo "2993"]
[TimeControl "180+1"]
[EndTime "14:52:30 PDT"]
[Termination "GM_dmitrij won on time"]

1. e4 c6 2. Nf3 d5 3. Nc3 dxe4 4. Nxe4 Nf6 5. Qe2 Na6 6. d3 Bg4 7. Nxf6+ gxf6 8. h3 Bh5 9. Bd2 e6 10. g4 Bg6 11. Bg2 Bd6 12. Bc3 Nc7 13. Nh4 Nd5 14.
Bxd5 cxd5 15. O-O-O Rc8 16. Bd4 O-O 17. Kb1 Re8 18. Qf3 e5 19. Be3 d4 20. Nxg6 hxg6 21. Bc1 Qc7 22. Rd2 Re6 23. h4 Ba3 24. Qd5 Rb6 25. Qc4 Qd7 0-1

[Event "Late-Titled-Tuesday-Blitz-April-16-2024"]
[Site "Chess.com"]
[Date "2024.04.16"]
[Round "5"]
[White "DanielDardha2005"]
[Black "SaqoChess_Twitch"]
[Result "1-0"]
[WhiteElo "2871"]
[BlackElo "2675"]
[TimeControl "180+1"]
[EndTime "14:52:31 PDT"]
[Termination "DanielDardha2005 won by checkmate"]

1. d4 d5 2. Nf3 e6 3. c4 Nf6 4. cxd5 exd5 5. Bg5 Be7 6. Nc3 O-O 7. e3 b6 8. Bd3 Bb7 9. Bxf6 Bxf6 10. h4 c5 11.
Qc2 h6 12. O-O-O Nc6 13. dxc5 Nb4 14. Qb3 bxc5 15. Bb1 d4 16. Nxd4 cxd4 17. Qxb4 Bxg2 18. Rhg1 Bf3 19. Rxd4 Bxd4 20. Qxd4 Qxd4 21. exd4 Rfd8 22. Kd2 Rd6 23. Ke3 Rf6 24. d5 Re8+ 25. Kd4 Rf4+ 26. Kc5 Rc8+ 27. Kd6 Rd4 28. Kd7 Rxc3 29. bxc3 Rxd5+ 30. Ke7 Rc5 31. Rg3 Rxc3 32. Be4 Ra3 33. Rxf3 Rxa2 34.
Rxf7 Re2 35. Rf8# 1-0